Map: Acropolis LE

Players

Mediceye

  • Race: Terran Terran
  • League: Diamond
  • Spawn Location: 5:00

A.I. 1 (Very Easy) - Winner!

  • Race: Zerg Zerg
  • Spawn Location: 11:00

VOD

Have the link to the VOD?

Description

Time

  • Played on: June 16, 2019, 8:35 a.m.
  • Length: 4:47
Show
View Real Time Build Order
Export as new Build Order

Mediceye Terran 

Build Orders: 1/1/1 

Get SALT Encoding   

  12  0:01  SCV  
  13  0:13  SCV  
  14  0:17  Supply Depot  
  14  0:25  SCV  
  14  0:28  Refinery  
  15  0:38  SCV  
  16  0:45  Barracks  
  16  0:52  SCV  
  17  0:59  Refinery  
  17  1:32  Orbital Command  
  17  1:37  Factory  
  17  1:38  Barracks Tech Lab  
  17  1:43  Barracks  
  17  1:54  Barracks  
  17  2:05  Stimpack  
  17  2:11  SCV  
  18  2:28  Starport  
  18  2:31  SCV  
  18  2:34  Factory Reactor  
  19  2:42  Marine x2  
  21  2:51  Supply Depot  
  21  2:58  SCV  
  21  3:02  Marine  
  21  3:04  Marine  
  24  3:06  Marine  
  25  3:14  SCV  
  26  3:23  Medivac x2  
  30  3:28  Marine  
  30  3:32  Marine  
  32  3:36  Marine  
  33  3:46  Marine  
  34  3:49  Marine  
  34  3:54  Marine  
  36  4:04  Supply Depot  
  36  4:05  Marine  
  36  4:07  Marine  
  38  4:12  Marine  
  39  4:26  Marine x2  
Show
View Real Time Build Order
Export as new Build Order

A.I. 1 (Very Easy) Zerg - Winner!

Build Orders: Pool Only 

Get SALT Encoding   

  12  0:00  Drone  
  13  0:12  Overlord  
  13  0:16  Drone  
  14  0:34  Spawning Pool  
  13  0:37  Drone  
  13  0:41  Extractor  
  13  0:44  Drone  
  14  0:52  Overlord  
  14  1:21  Zergling x2  
  14  1:22  Queen  
  17  1:30  Roach Warren  
  16  1:33  Drone  
  16  1:37  Extractor  
  16  1:42  Drone  
  17  1:51  Zergling x2  
  18  2:01  Drone  
  19  2:08  Drone  
  20  2:16  Drone  
  20  2:20  Zergling x2  
  22  2:26  Overlord  
  22  2:31  Drone  
  23  2:38  Drone  
  24  2:46  Drone  
  24  2:49  Roach  
Tags
 
League
Diamond
Matchup
TvZ
Spawn Locations
Cross Positions
Add a new tag
Caveats
  • Supply blocks, unpowered buildings, or Contaminate may cause inaccurate times.
  • Supply counts are checked every 10 seconds.